TOP OF THE 1ST |
Austin River Sharks batting - Pitching for Kansas City Kings : RHP Mark Head
|
Pitching: RHP Mark Head
|
|
Batting: LHB Enrico Vargas
|
0-0: Ball 1-0: Fly out, F8 (Flyball, 8RD)
|
Batting: RHB Richard Coker
|
0-0: Called Strike 0-1: DOUBLE (Line Drive, 9LM)
|
Batting: LHB Greg Nelson
|
0-0: Ball 1-0: Foul Ball, location: 2F 1-1: Ball 2-1: Called Strike 2-2: Ground out 4-3 (Groundball, 4M) Richard Coker to third
|
Batting: RHB Pedro Guzmán
|
0-0: Foul Ball, location: 2F 0-1: Ball 1-1: Ball 2-1: Ball 3-1: Ground out 6-3 (Groundball, 6)
|
Top of the 1st over - 0 run(s), 1 hit(s), 0 error(s), 1 left on base; Austin 0 - Kansas City 0 |
BOTTOM OF THE 1ST |
Kansas City Kings batting - Pitching for Austin River Sharks : RHP José Pérez
|
Pitching: RHP José Pérez
|
|
Batting: RHB Chris Chandler
|
0-0: Ball 1-0: Foul Ball, location: 2F 1-1: Ground out 6-3 (Groundball, 6)
|
Batting: SHB Douglas Taylor
|
0-0: Called Strike 0-1: SINGLE (Flyball, 78S)
|
Batting: LHB Stan Hickman
|
0-0: Foul Ball, location: 2F 0-1: Foul Ball, location: 2F 0-2: Ball 1-2: Strikes out swinging
|
Batting: RHB Toshimichi Kono
|
0-0: SINGLE (Groundball, 4M) (infield hit) Douglas Taylor to second
|
Batting: LHB Ron Crawford
|
0-0: Ball Passed Ball! Douglas Taylor to third Toshimichi Kono to second 1-0: Ball 2-0: Foul Ball, location: 2F 2-1: SINGLE (Groundball, 6D) Douglas Taylor scores Toshimichi Kono to third Runner from 3rd tries for Home, SAFE, no throw
|
Batting: RHB Dave Parker
|
0-0: Ball 1-0: Called Strike 1-1: Ball 2-1: Ball 3-1: DOUBLE (Flyball, 8RXD) Ron Crawford to third Runner from 3rd tries for Home, SAFE, no throw
|
Batting: SHB António De La Cruz
|
0-0: Ball 1-0: Foul Ball, location: 2F 1-1: Fly out, F9 (Flyball, 9S)
|
Bottom of the 1st over - 3 run(s), 4 hit(s), 0 error(s), 1 left on base; Austin 0 - Kansas City 3 |
TOP OF THE 2ND |
Austin River Sharks batting - Pitching for Kansas City Kings : RHP Mark Head
|
Batting: LHB Harry Pitts
|
0-0: Ball 1-0: Ball 2-0: Swinging Strike 2-1: Ground out 4-3 (Groundball, 4)
|
Batting: RHB Manny Copriviza
|
0-0: Called Strike 0-1: Foul Ball, location: 2F 0-2: Ball 1-2: Strikes out swinging
|
Batting: LHB José Lińares
|
0-0: Called Strike 0-1: Ball 1-1: Foul Ball, location: 2F 1-2: Foul Ball, location: 2F 1-2: Ball 2-2: Foul Ball, location: 2F 2-2: Ball 3-2: Foul Ball, location: 2F 3-2: Foul Ball, location: 2F 3-2: DOUBLE (Line Drive, 8RD)
|
Pinch Runner at 2nd Dexter Potter:
|
|
Batting: RHB Eric Neal
|
0-0: Called Strike 0-1: Swinging Strike 0-2: Strikes out swinging
|
Top of the 2nd over - 0 run(s), 1 hit(s), 0 error(s), 1 left on base; Austin 0 - Kansas City 3 |
BOTTOM OF THE 2ND |
Kansas City Kings batting - Pitching for Austin River Sharks : RHP José Pérez
|
Now at SS: Dexter Potter
|
|
Batting: LHB Luis González
|
0-0: Ball 1-0: Foul Ball, location: 2F 1-1: Ball 2-1: Ball 3-1: Called Strike 3-2: Base on Balls
|
Batting: RHB Oliver Lugo
|
0-0: Reached on error, E6 (Groundball, 6) Luis González to second
|
Batting: RHB Chris Chandler
|
0-0: Foul Ball, location: 2F 0-1: Ground out 5-3 (Groundball, 56S) Luis González to third Oliver Lugo to second
|
Batting: SHB Douglas Taylor
|
0-0: Foul Ball, location: 2F 0-1: Ball 1-1: Ball 2-1: SINGLE (Groundball, 4MD) Luis González scores Oliver Lugo to third Runner from 3rd tries for Home, SAFE, no throw
|
Batting: LHB Stan Hickman
|
0-0: Ball 1-0: Ball 2-0: Ball 3-0: Base on Balls Douglas Taylor to second
|
Batting: RHB Toshimichi Kono
|
0-0: SINGLE (Flyball, 7LS) Douglas Taylor to third Stan Hickman to second Runner from 3rd tries for Home, SAFE, no throw
|
Batting: LHB Ron Crawford
|
0-0: Swinging Strike 0-1: Foul Ball, location: 2F 0-2: Foul Ball, location: 2F 0-2: Foul Ball, location: 2F 0-2: Fly out, F6 (Popup, 6D)
|
Batting: RHB Dave Parker
|
0-0: Swinging Strike 0-1: Ball 1-1: Called Strike 1-2: Foul Ball, location: 2F 1-2: Strikes out swinging
|
Bottom of the 2nd over - 3 run(s), 2 hit(s), 1 error(s), 2 left on base; Austin 0 - Kansas City 6 |
TOP OF THE 3RD |
Austin River Sharks batting - Pitching for Kansas City Kings : RHP Mark Head
|
Batting: RHB Teddy Bates
|
0-0: Called Strike 0-1: SINGLE (Line Drive, 6MD)
|
Batting: LHB Enrico Vargas
|
0-0: Called Strike 0-1: Called Strike 0-2: Ball 1-2: Foul Ball, location: 2F 1-2: Fly out, F7 (Flyball, 7LS)
|
Batting: RHB Richard Coker
|
0-0: Swinging Strike 0-1: Ball 1-1: Ball 2-1: SINGLE (Line Drive, 4M) Teddy Bates to second
|
Batting: LHB Greg Nelson
|
0-0: Foul Ball, location: 2F 0-1: Ball 1-1: Ground out 5-3 (Groundball, 56S) Teddy Bates to third Richard Coker to second
|
Batting: RHB Pedro Guzmán
|
0-0: Called Strike 0-1: Fly out, F7 (Flyball, 7D)
|
Top of the 3rd over - 0 run(s), 2 hit(s), 0 error(s), 2 left on base; Austin 0 - Kansas City 6 |
BOTTOM OF THE 3RD |
Kansas City Kings batting - Pitching for Austin River Sharks : RHP José Pérez
|
Batting: SHB António De La Cruz
|
0-0: Ball 1-0: Ball 2-0: Ball 3-0: Ground out U3 (Groundball, 3S)
|
Batting: LHB Luis González
|
0-0: Ball 1-0: Fly out, F7 (Flyball, 7S)
|
Batting: RHB Oliver Lugo
|
0-0: Called Strike 0-1: Ball 1-1: Foul Ball, location: 2F 1-2: SINGLE (Groundball, 34D)
|
Pitching: RHP Brian Just
|
|
Batting: RHB Chris Chandler
|
0-0: Ball 1-0: Foul Ball, location: 2F 1-1: Ball 2-1: Fly out, F7 (Line Drive, 78D)
|
Bottom of the 3rd over - 0 run(s), 1 hit(s), 0 error(s), 1 left on base; Austin 0 - Kansas City 6 |
TOP OF THE 4TH |
Austin River Sharks batting - Pitching for Kansas City Kings : RHP Mark Head
|
Batting: LHB Harry Pitts
|
0-0: Ball 1-0: Called Strike 1-1: Ball 2-1: Ball 3-1: Base on Balls
|
Batting: RHB Manny Copriviza
|
0-0: Hit by Pitch Harry Pitts to second
|
Batting: RHB Dexter Potter
|
0-0: Foul Ball, location: 2F 0-1: Ball 1-1: Swinging Strike 1-2: Ball 2-2: Ball 3-2: Strikes out swinging Harry Pitts is caught stealing 3rd base Batter strikes out. Manny Copriviza to second
|
Batting: RHB Eric Neal
|
0-0: Ball 1-0: Ground out 6-3 (Groundball, 6)
|
Top of the 4th over - 0 run(s), 0 hit(s), 0 error(s), 1 left on base; Austin 0 - Kansas City 6 |
BOTTOM OF THE 4TH |
Kansas City Kings batting - Pitching for Austin River Sharks : RHP Brian Just
|
Batting: SHB Douglas Taylor
|
0-0: Ball 1-0: Foul Ball, location: 2F 1-1: Ball 2-1: Called Strike 2-2: Foul Ball, location: 2F 2-2: Ball 3-2: SINGLE (Flyball, 7LM)
|
Batting: LHB Stan Hickman
|
0-0: Called Strike 0-1: Ground out 3-1 (Groundball, 34S) Douglas Taylor to second
|
Batting: RHB Toshimichi Kono
|
0-0: Ball 1-0: Ball 2-0: Ground out 5-3 (Groundball, 56S) Douglas Taylor to third
|
Batting: LHB Ron Crawford
|
0-0: Called Strike 0-1: Foul Ball, location: 2F 0-2: Ground out U3 (Groundball, 34)
|
Bottom of the 4th over - 0 run(s), 1 hit(s), 0 error(s), 1 left on base; Austin 0 - Kansas City 6 |
TOP OF THE 5TH |
Austin River Sharks batting - Pitching for Kansas City Kings : RHP Mark Head
|
Batting: RHB Teddy Bates
|
0-0: Ground out 5-3 (Groundball, 5)
|
Batting: LHB Enrico Vargas
|
0-0: Called Strike 0-1: Ground out 4-3 (Groundball, 4)
|
Batting: RHB Richard Coker
|
0-0: Ball 1-0: Called Strike 1-1: Ball 2-1: Ground out 6-3 (Groundball, 6)
|
Top of the 5th over - 0 run(s), 0 hit(s), 0 error(s), 0 left on base; Austin 0 - Kansas City 6 |
BOTTOM OF THE 5TH |
Kansas City Kings batting - Pitching for Austin River Sharks : RHP Brian Just
|
Batting: RHB Dave Parker
|
0-0: Ball 1-0: Ball 2-0: Called Strike 2-1: Fly out, F4 (Line Drive, 4M)
|
Batting: SHB António De La Cruz
|
0-0: Ball 1-0: Foul Ball, location: 2F 1-1: Ball 2-1: Foul Ball, location: 2F 2-2: Fly out, F8 (Flyball, 78M)
|
Batting: LHB Luis González
|
0-0: Ball 1-0: Foul Ball, location: 2F 1-1: Ball 2-1: SINGLE (Groundball, 56D)
|
Batting: RHB Oliver Lugo
|
0-0: Foul Ball, location: 2F 0-1: Swinging Strike 0-2: Ball 1-2: Strikes out looking
|
Bottom of the 5th over - 0 run(s), 1 hit(s), 0 error(s), 1 left on base; Austin 0 - Kansas City 6 |
TOP OF THE 6TH |
Austin River Sharks batting - Pitching for Kansas City Kings : RHP Mark Head
|
Batting: LHB Greg Nelson
|
0-0: Ball 1-0: SINGLE (Groundball, 4MD)
|
Batting: RHB Pedro Guzmán
|
0-0: Ball 1-0: Swinging Strike 1-1: Called Strike 1-2: Ball 2-2: Strikes out swinging
|
Batting: LHB Harry Pitts
|
0-0: Called Strike 0-1: Ball 1-1: Called Strike 1-2: Foul Ball, location: 2F 1-2: Ball 2-2: Foul Ball, location: 2F 2-2: Ball 3-2: Strikes out swinging
|
Batting: RHB Manny Copriviza
|
0-0: Ball 1-0: SINGLE (Flyball, 78S) Greg Nelson to second
|
Batting: RHB Dexter Potter
|
0-0: SINGLE (Line Drive, 89M) Greg Nelson to third Manny Copriviza to second Runner from 3rd tries for Home, SAFE, no throw
|
Pitching: RHP Nariaki Tanaka
|
|
Batting: RHB Eric Neal
|
0-0: SINGLE (Groundball, 6MD) Manny Copriviza to third Dexter Potter to second
|
Batting: RHB Teddy Bates
|
0-0: Ball 1-0: Ground out 5-3 (Groundball, 56S)
|
Top of the 6th over - 1 run(s), 4 hit(s), 0 error(s), 3 left on base; Austin 1 - Kansas City 6 |
BOTTOM OF THE 6TH |
Kansas City Kings batting - Pitching for Austin River Sharks : RHP Brian Just
|
Batting: RHB Chris Chandler
|
0-0: Ball 1-0: Ball 2-0: Ball 3-0: Called Strike 3-1: Base on Balls
|
Batting: SHB Douglas Taylor
|
0-0: Called Strike 0-1: Ball 1-1: Ball 2-1: Ball 3-1: Called Strike 3-2: Grounds into double play, 4-6-3 (Groundball, 4)
|
Batting: LHB Stan Hickman
|
0-0: SINGLE (Groundball, 5D)
|
Batting: RHB Toshimichi Kono
|
0-0: Ball 1-0: Foul Ball, location: 2F 1-1: 2-RUN HOME RUN (Line Drive, 7D), Distance : 375 ft
|
Batting: LHB Ron Crawford
|
0-0: Called Strike 0-1: Ball 1-1: Ball 2-1: SINGLE (Groundball, 34D)
|
Batting: RHB Dave Parker
|
0-0: SINGLE (Flyball, 7LM) Ron Crawford to second
|
Batting: SHB António De La Cruz
|
0-0: Ball 1-0: Foul Ball, location: 2F 1-1: Ball 2-1: Swinging Strike 2-2: Foul Ball, location: 2F 2-2: Fly out, F6 (Popup, 6D)
|
Bottom of the 6th over - 2 run(s), 4 hit(s), 0 error(s), 2 left on base; Austin 1 - Kansas City 8 |
TOP OF THE 7TH |
Austin River Sharks batting - Pitching for Kansas City Kings : RHP Nariaki Tanaka
|
Batting: LHB Enrico Vargas
|
0-0: Ball 1-0: Called Strike 1-1: Ball 2-1: Fly out, F7 (Flyball, 7S)
|
Batting: RHB Richard Coker
|
0-0: Ball 1-0: Ball 2-0: Called Strike 2-1: Swinging Strike 2-2: Strikes out looking
|
Batting: LHB Greg Nelson
|
0-0: Foul Ball, location: 2F 0-1: Fly out, F8 (Flyball, 8LM)
|
Top of the 7th over - 0 run(s), 0 hit(s), 0 error(s), 0 left on base; Austin 1 - Kansas City 8 |
BOTTOM OF THE 7TH |
Kansas City Kings batting - Pitching for Austin River Sharks : RHP Brian Just
|
Batting: LHB Luis González
|
0-0: Called Strike 0-1: Ball 1-1: Reached on error, E6 (Groundball, 6)
|
Batting: RHB Oliver Lugo
|
0-0: Ball 1-0: Ground out 4-3 (Groundball, 4) Luis González to third
|
Batting: RHB Chris Chandler
|
0-0: Ball 1-0: Ball 2-0: 2-RUN HOME RUN (Flyball, 78XD), Distance : 392 ft
|
Pitching: RHP Tatsuzo Harada
|
|
Batting: SHB Douglas Taylor
|
0-0: Ball 1-0: Foul Ball, location: 2F 1-1: SINGLE (Groundball, 4M) (infield hit)
|
Batting: LHB Stan Hickman
|
0-0: Called Strike Douglas Taylor steals 2nd base 0-1: Ball 1-1: Foul Ball, location: 2F 1-2: Foul Ball, location: 2F 1-2: Ground out 6-3 (Groundball, 6) Douglas Taylor to third
|
Batting: RHB Toshimichi Kono
|
0-0: Called Strike 0-1: Called Strike 0-2: Ground out 4-3 (Groundball, 4M)
|
Bottom of the 7th over - 2 run(s), 2 hit(s), 1 error(s), 1 left on base; Austin 1 - Kansas City 10 |
TOP OF THE 8TH |
Austin River Sharks batting - Pitching for Kansas City Kings : RHP Nariaki Tanaka
|
Batting: RHB Pedro Guzmán
|
0-0: Ball 1-0: Swinging Strike 1-1: Ball 2-1: DOUBLE (Line Drive, 78D)
|
Batting: LHB Harry Pitts
|
0-0: Foul Ball, location: 2F 0-1: Swinging Strike 0-2: Ball 1-2: Ball 2-2: Foul Ball, location: 2F 2-2: Foul Ball, location: 2F 2-2: Foul Ball, location: 2F 2-2: Strikes out swinging
|
Batting: RHB Manny Copriviza
|
0-0: Called Strike 0-1: Ground out 6-3 (Groundball, 6)
|
Batting: RHB Dexter Potter
|
0-0: Swinging Strike 0-1: Called Strike 0-2: Ball 1-2: Strikes out swinging
|
Top of the 8th over - 0 run(s), 1 hit(s), 0 error(s), 1 left on base; Austin 1 - Kansas City 10 |
BOTTOM OF THE 8TH |
Kansas City Kings batting - Pitching for Austin River Sharks : RHP Tatsuzo Harada
|
Batting: LHB Ron Crawford
|
0-0: Called Strike 0-1: Ball 1-1: Ball 2-1: Ball 3-1: SINGLE (Flyball, 8RS)
|
Batting: RHB Dave Parker
|
0-0: Called Strike 0-1: Ball 1-1: Called Strike 1-2: Ball 2-2: Strikes out swinging
|
Batting: SHB António De La Cruz
|
0-0: Ball 1-0: Called Strike 1-1: Ball 2-1: Foul Ball, location: 2F 2-2: Strikes out swinging
|
Batting: LHB Luis González
|
0-0: Ball 1-0: Ball 2-0: Foul Ball, location: 2F 2-1: Ball 3-1: Foul Ball, location: 2F 3-2: SINGLE (Groundball, 6M) (infield hit) Ron Crawford to second
|
Batting: RHB Oliver Lugo
|
0-0: Ground out 3-1 (Groundball, 34)
|
Bottom of the 8th over - 0 run(s), 2 hit(s), 0 error(s), 2 left on base; Austin 1 - Kansas City 10 |
TOP OF THE 9TH |
Austin River Sharks batting - Pitching for Kansas City Kings : RHP Nariaki Tanaka
|
Batting: RHB Eric Neal
|
0-0: Ground out 5-3 (Groundball, 5L)
|
Batting: RHB Teddy Bates
|
0-0: Fly out, F7 (Flyball, 7LS)
|
Batting: LHB Enrico Vargas
|
0-0: Ball 1-0: Ball 2-0: Ball 3-0: Base on Balls
|
Batting: RHB Richard Coker
|
0-0: Fielders Choice at 2nd, 5-4 (Groundball, 56)
|
Top of the 9th over - 0 run(s), 0 hit(s), 0 error(s), 0 left on base; Austin 1 - Kansas City 10 |
|